 Dungeon Crawl Stone Soup version 0.30-a0-870-gc5d4c5acee (webtiles) character file.

Game seed: 1749023212505073587

15839 pokeman the Eclecticist (level 12, -3/69 HPs)
             Began as a Deep Elf Hedge Wizard on Mar 11, 2023.
             Was a Believer of Vehumet.
             Slain by a gargoyle
             ... wielding a +0 antimagic morningstar
              (9 damage)
             ... on level 12 of the Dungeon.
             The game lasted 00:35:49 (14596 turns).

pokeman the Eclecticist (Deep Elf Hedge Wizard)    Turns: 14596, Time: 00:35:49

Health: -3/69      AC: 11    Str:  7    XL:     12   Next: 4%
Magic:  13/34      EV: 13    Int: 25    God:    Vehumet [**....]
Gold:   701        SH:  0    Dex: 17    Spells: 25/44 levels left

rFire   . . .      SeeInvis +    P - +10 dagger of Reinforcement {elec, rC+ Dex+3}
rCold   + + .      Faith    .    (no shield)
rNeg    . . .      Spirit   .    C - +2 robe {Will+}
rPois   .          Reflect  .    g - +0 helmet
rElec   .          Rampage  .    b - +0 cloak
rCorr   +                        R - +0 pair of gloves
Will    +....                    (no boots)
Stlth   +++                      (no amulet)
HPRegen 0.31/turn                q - +4 ring of protection
MPRegen 0.24/turn                Y - ring "Ughor" {Fly rC+ Will- rCorr SInv}

@: flying
A: no striking features
a: Renounce Religion


You were on level 12 of the Dungeon.
You worshipped Vehumet.
Vehumet was pleased with you.
You visited 2 branches of the dungeon, and saw 13 of its levels.
You also visited: Sewer and Bailey.

You collected 701 gold pieces.

Inventory:

Hand Weapons
 h - a +1 demon whip of venom
 P - the +10 dagger of Reinforcement (weapon) {elec, rC+ Dex+3}
   (You found it in a bailey)

   Dex:       It affects your dexterity (+3).
   rC:        It protects you from cold.
 V - the +6 war axe of Waxull {heavy, rElec rF+}
   (You found it on level 9 of the Dungeon)

   rF:        It protects you from fire.
   rElec:     It insulates you from electricity.
Armour
 b - a +0 cloak (worn)
 g - a +0 helmet (worn)
 m - a +2 robe of cold resistance
 C - a +2 robe of willpower (worn)
 R - a +0 pair of gloves (worn)
Jewellery
 l - a ring of see invisible
 q - a +4 ring of protection (left hand)
 L - a ring of protection from cold
 Y - the ring "Ughor" (right hand) {Fly rC+ Will- rCorr SInv}
   (You found it on level 10 of the Dungeon)

   [ring of protection from cold]

   rC:        It protects you from cold.
   SInv:      It lets you see invisible.
   Fly:       It grants you flight.
   rCorr:     It protects you from acid and corrosion.
   Will:      It decreases your willpower.
Wands
 y - a wand of polymorph (20)
 A - a wand of iceblast (2)
 E - a wand of charming (3)
Scrolls
 f - 9 scrolls of teleportation
 i - 2 scrolls of magic mapping
 k - 4 scrolls of blinking
 N - a scroll of acquirement {unknown}
 Q - 3 scrolls of fog {unknown}
 U - a scroll of poison {unknown}
Potions
 a - a potion of brilliance
 c - 4 potions of curing
 d - 5 potions of magic
 e - 7 potions of heal wounds
 j - a potion of haste
 o - 4 potions of lignification {unknown}
 p - 3 potions of mutation {unknown}
 r - a potion of invisibility {unknown}
 s - a potion of berserk rage {unknown}
 w - 3 potions of degeneration {unknown}
 x - 2 potions of resistance {unknown}
Miscellaneous
 n - a lightning rod (4/4)


   Skills:
 + Level 5.6 Fighting
 - Level 4.0 Armour
 - Level 3.0 Dodging
 - Level 4.2 Stealth
 * Level 16.5 Spellcasting
 + Level 9.8 Conjurations
 - Level 4.0 Summonings
 - Level 1.1 Translocations
 + Level 7.7 Fire Magic
 - Level 2.3 Air Magic
 - Level 1.0 Poison Magic
 - Level 1.0 Evocations


You had 25 spell levels left.
You knew the following spells:

 Your Spells              Type           Power      Damage    Failure   Level
a - Magic Dart            Conj           100%       1d8       1%          1
b - Mephitic Cloud        Conj/Pois/Air  42%        N/A       1%          3
c - Call Imp              Summ           40%        N/A       1%          2
d - Blink                 Tloc           52%        N/A       2%          2
e - Flame Wave            Conj/Fire      59%        2d14      1%          4
f - Orb of Destruction    Conj           31%        9d10      36%         7

Your spell library contained the following spells:

 Spells                   Type           Power      Damage    Failure   Level
 Searing Ray              Conj           100%       2d8       1%          2
 Call Canine Familiar     Summ           40%        N/A       1%          3
 Inner Flame              Hex/Fire       40%        N/A       1%          3
 Sticky Flame             Conj/Fire      59%        2d7       1%          4
 Slow                     Hex            80%        N/A       2%          1
 Cigotuvi's Dreadful Rot  Necr/Pois/Air  52%        N/A       2%          2
 Sublimation of Blood     Necr           20%        N/A       3%          2
 Summon Guardian Golem    Hex/Summ       30%        N/A       3%          3
 Portal Projectile        Hex/Tloc       46%        N/A       6%          3
 Tukima's Dance           Hex            20%        N/A       8%          3
 Irradiate                Conj/Tmut      22%        3d19      10%         5
 Summon Ice Beast         Ice/Summ       30%        N/A       11%         4
 Passage of Golubria      Tloc           26%        N/A       16%         4
 Dispel Undead            Necr           20%        3d11      26%         4
 Leda's Liquefaction      Hex/Erth       10%        N/A       26%         4
 Petrify                  Tmut/Erth      20%        N/A       26%         4
 Summon Mana Viper        Hex/Summ       30%        N/A       30%         5
 Yara's Violent Unravell  Hex/Tmut       10%        3d6       56%         5
 Spellforged Servitor     Conj/Summ      26%        N/A       77%         7
 Death Channel            Necr           10%        N/A       98%         6
 Monstrous Menagerie      Summ           20%        N/A       99%         7


Dungeon Overview and Level Annotations

Branches:
Dungeon (12/15)            Temple (1/1) D:7            Lair (0/5) D:8
  Sewer (visited)          Bailey (visited)
    Orc: D:9-12

Altars:
Ashenzari
Cheibriados
Fedhas
Gozag
Makhleb
Okawaru
Qazlal
Sif Muna
Trog
Uskayaw
Vehumet
Wu Jian
Zin
The Shining One

Annotations:
D:11 Gastronok


Message History

A wave of flame ripples out!
The flame wave engulfs the slime creature!!
The slime creature is almost dead.
The slime creature hits you!
A wave of flame ripples out!
The flame wave engulfs the slime creature!
The slime creature is almost dead.
You finish channelling waves of flame.
You hear a shout!
The slime creature hits you!
Casting: Flame Wave (dangerous; 1% risk of failure)
Confirm with . or Enter, or press ? or * to list all spells.
Casting: Flame Wave (dangerous; 1% risk of failure)
Press: ? - help, Dir - look around, f - activate A wave of flame ripples out!
The flame wave engulfs the slime creature!
You kill the slime creature!
Vehumet accepts your kill. (Press . to intensify the flame waves.)
A gargoyle comes into view.
It is wielding a +0 antimagic morningstar.
There is a stone staircase leading up here.
You fly upwards.
Level annotation: Gastronok
There is a stone staircase leading down here.
You fly downwards.
There is a stone staircase leading up here.
Casting: Flame Wave (dangerous; 1% risk of failure)
Confirm with . or Enter, or press ? or * to list all spells.
Casting: Flame Wave (dangerous; 1% risk of failure)
Press: ? - help, Dir - look around, f - activate A wave of flame ripples out!
The flame wave engulfs the gargoyle but does no damage. (Press . to intensify the flame waves.)
The gargoyle hurls a stone arrow at you.
The stone arrow hits you!!
* * * LOW HITPOINT WARNING * * *
A wave of flame ripples out!
The flame wave engulfs the gargoyle.
The gargoyle is lightly damaged.
The gargoyle hits you with a +0 antimagic morningstar!
You die...

.####.. .## ..... ... <.>..
..# .(.. #.# #..# #.# #. ..#
#.# >$. .# # #9# #.# ...
...#.##.# #+##@## #.#.#
##......# #..#9.# #.#.#
..?.....#####.....### #.#.# #
...#..#.....9.......###.#.#.#
.....#########....#.....#.#.#
. ....# #.....<..#.#...#...
.#.. ###...##........... #.
##..####.....#.# # #....
##......#


You could see a gargoyle.

Vanquished Creatures
  Snorg (D:10)
  4 two-headed ogres
  2 boulder beetles (D:11)
  Amaemon (D:11)
  Pikel (D:3)
  An orange demon (D:11)
  A kobold demonologist (D:9)
  A queen bee (shapeshifter) (D:11)
  A troll (D:9)
  A hornet (D:9)
  2 slime creatures (D:12)
  A vampire (D:9)
  A shadow (D:11)
  A wraith (D:12)
  A wyvern (D:9)
  2 spriggans (Bailey)
  Grum (D:11)
  29 yaks
  Eustachio (D:5)
  A water moccasin (D:6)
  2 orc warriors
  An ice beast (D:7)
  2 black bears
  A sky beast (D:7)
  4 centaurs
  7 ogres (Bailey)
  2 wolves (D:11)
  A phantom (D:7)
  2 kobold brigands
  A bullfrog (D:8)
  2 scorpions
  A gnoll sergeant (D:10)
  7 wights (D:7)
  3 killer bees (D:9)
  4 quasits
  A gnoll bouda (D:6)
  4 orc priests
  2 jellies (D:6)
  Terence (D:2)
  2 iguanas
  8 orc wizards
  A sickly merfolk siren (Sewer)
  A malarious merfolk avatar (Sewer)
  7 gnolls
  6 adders
  3 river rats (Sewer)
  5 shadow imps
  4 white imps
  5 ufetubi (D:4)
  A worm (D:2)
  2 dart slugs (D:1)
  32 orcs
  11 bats
  8 endoplasms
  10 giant cockroaches
  3 goblins
  6 hobgoblins
  2 jackals (D:4)
  24 kobolds
  10 quokkas
  15 ball pythons
  6 frilled lizards
  35 rats
309 creatures vanquished.

Vanquished Creatures (collateral kills)
  A steam dragon (Bailey)
  A quasit (D:4)
  2 jackals (D:3)
4 creatures vanquished.

Vanquished Creatures (others)
  A spriggan (Bailey)
  8 demonic plants (D:4)
  9 plants (D:7)
18 creatures vanquished.

Grand Total: 331 creatures vanquished

Notes
Turn   | Place    | Note
-------+----------+-------------------------------------------
     0 | D:1      | pokeman the Deep Elf Hedge Wizard began the quest for the
                  | Orb.
     0 | D:1      | Reached XP level 1. HP: 10/10 MP: 7/7
   319 | D:1      | Reached XP level 2. HP: 14/15 MP: 2/9
   638 | D:1      | Reached skill level 5 in Spellcasting
   814 | D:1      | Reached XP level 3. HP: 20/20 MP: 3/11
   818 | D:1      | Learned a level 3 spell: Mephitic Cloud
   821 | D:1      | Learned a level 2 spell: Call Imp
   824 | D:1      | Learned a level 2 spell: Blink
  1482 | D:2      | Reached skill level 1 in Fighting
  1613 | D:2      | Reached skill level 1 in Armour
  1633 | D:2      | Noticed Terence
  1652 | D:2      | Killed Terence
  1653 | D:2      | Reached XP level 4. HP: 25/25 MP: 7/13
  1897 | D:2      | Found a faded altar of an unknown god.
  2677 | D:3      | Found an opulent altar of Gozag.
  3441 | D:3      | Reached XP level 5. HP: 29/29 MP: 11/15
  3528 | D:3      | Reached skill level 6 in Spellcasting
  3725 | D:3      | Found a glowing silver altar of Zin.
  4216 | D:4      | Noticed a lemure
  4218 | D:4      | Noticed Pikel
  4219 | D:4      | Noticed a lemure
  4245 | D:4      | Noticed a lemure
  4275 | D:4      | Noticed a lemure
  4328 | D:3      | Killed Pikel
  4329 | D:3      | Reached skill level 7 in Spellcasting
  4329 | D:3      | Reached XP level 6. HP: 9/34 MP: 2/18
  4329 | D:3      | Reached XP level 7. HP: 10/38 MP: 2/20
  4505 | D:4      | Found a glowing drain.
  4523 | Sewer    | Entered a sewer
  4655 | Sewer    | Reached skill level 8 in Spellcasting
  4964 | Sewer    | Reached skill level 1 in Evocations
  5201 | Sewer    | Reached skill level 1 in Poison Magic
  6066 | D:4      | Found a shimmering blue altar of Sif Muna.
  6197 | D:5      | Entered Level 5 of the Dungeon
  6271 | D:5      | Reached XP level 8. HP: 44/44 MP: 18/22
  6347 | D:5      | Reached skill level 9 in Spellcasting
  6556 | D:5      | Noticed Eustachio
  6572 | D:5      | Killed Eustachio
  6933 | D:6      | Reached skill level 5 in Conjurations
  7168 | D:6      | Learned a level 4 spell: Flame Wave
  7176 | D:6      | Learned a level 7 spell: Orb of Destruction
  7430 | D:6      | Reached skill level 10 in Spellcasting
  8288 | D:7      | Reached XP level 9. HP: 49/49 MP: 14/25
  8328 | D:7      | Found a snail-covered altar of Cheibriados.
  8342 | D:7      | Found a flagged portal.
  8351 | Bailey   | Entered a bailey
  8432 | Bailey   | Reached skill level 1 in Fire Magic
  8440 | Bailey   | Reached skill level 11 in Spellcasting
  8640 | Bailey   | Identified the +10 dagger of Reinforcement {elec, rC+
                  | Dex+3}
  8649 | Bailey   | HP: 2/50 [something/ball of steam (19)]
  8665 | Bailey   | Reached skill level 12 in Spellcasting
  8777 | Bailey   | Noticed a two-headed ogre
  8791 | Bailey   | Killed a two-headed ogre
  9148 | D:7      | Reached XP level 10. HP: 56/56 MP: 20/28
  9642 | D:7      | Found a staircase to the Ecumenical Temple.
  9649 | Temple   | Entered the Ecumenical Temple
  9660 | Temple   | Became a worshipper of Vehumet
  9897 | D:8      | Found a staircase to the Lair.
  9897 | D:8      | Noticed a two-headed ogre
  9909 | D:8      | Killed a two-headed ogre
  9910 | D:8      | Reached skill level 13 in Spellcasting
 10463 | D:8      | Reached skill level 5 in Fire Magic
 10606 | D:8      | Reached skill level 14 in Spellcasting
 10849 | D:9      | Reached * piety under Vehumet
 10849 | D:9      | Offered knowledge of Freeze by Vehumet.
 10863 | D:9      | Noticed a smoke demon
 11012 | D:9      | Reached XP level 11. HP: 60/61 MP: 14/31
 11515 | D:9      | Found a stormy altar of Qazlal.
 11519 | D:9      | Identified the +6 war axe of Waxull {heavy, rElec rF+}
 11698 | D:9      | Reached skill level 15 in Spellcasting
 12187 | D:10     | Entered Level 10 of the Dungeon
 12196 | D:10     | Noticed Snorg
 12219 | D:10     | Killed Snorg
 12219 | D:10     | Reached ** piety under Vehumet
 12347 | D:10     | Noticed a two-headed ogre
 12359 | D:10     | Killed a two-headed ogre
 12552 | D:10     | Offered knowledge of Searing Ray by Vehumet.
 12553 | D:10     | Reached skill level 5 in Fighting
 12688 | D:10     | Found a blossoming altar of Fedhas.
 12689 | D:10     | Found an iron altar of Okawaru.
 12690 | D:10     | Found an ornate altar of the Wu Jian Council.
 12692 | D:10     | Noticed a two-headed ogre
 12700 | D:10     | Killed a two-headed ogre
 12903 | D:10     | Identified the ring "Ughor" {Fly rC+ Will- rCorr SInv}
 13046 | D:10     | Found a broken altar of Ashenzari.
 13491 | D:11     | Noticed Amaemon
 13501 | D:11     | Noticed Grum
 13509 | D:11     | Killed Amaemon
 13510 | D:11     | Reached skill level 16 in Spellcasting
 13511 | D:11     | Killed Grum
 13516 | D:11     | HP: 3/64 [poisoned by Amaemon]
 13526 | D:11     | Noticed a fire crab
 13842 | D:11     | Upgraded the game from 0.30-a0-867-g305f33218d to
                  | 0.30-a0-870-gc5d4c5acee
 13883 | D:11     | Noticed Gastronok
 14017 | D:11     | Noticed a boulder beetle
 14041 | D:11     | Noticed a boulder beetle
 14052 | D:11     | Killed a boulder beetle
 14078 | D:11     | Killed a boulder beetle
 14079 | D:11     | Reached XP level 12. HP: 48/68 MP: 16/34
 14596 | D:12     | Slain by a gargoyle

Illustrated notes

Levels and vault maps discovered:
D:1:      eino_arrival_druids_welcome, layout_basic, minmay_close_crescents
D:2:      minmay_wonky_spiral, layout_rooms, nicolae_ecumenical_lake_church,
          grunt_ministairs_9, nicolae_concentric_dashed_squares_mild,
          uniq_terence
D:3:      minmay_thinvault, layout_basic,
          pdpol_temple_overflow_zin_treasury_gozag_greed
D:4:      layout_loops_cross, mainiacjoe_overflow_paths,
          cheibrodos_sewer_entry_drain, serial_demonic, serial_demonic_b,
          serial_demonic_b, serial_demonic_c, serial_demonic_e,
          serial_demonic_e, serial_demonic_a, serial_demonic_c,
          serial_demonic_d, serial_demonic_e, serial_demonic_e, uniq_pikel
D:5:      layout_loops_ring, chequers_serial_rivers_room_b,
          chequers_serial_rivers_small_3, uniq_eustachio
D:6:      layout_loops_corners, minmay_between
D:7:      layout_loops_ring, mainiacjoe_overflow_chevrons,
          minmay_temple_entry_offerings, enter_bailey_1, nicolae_water_bricks,
          grunt_decor_junction
D:8:      layout_basic, lair_entry_dummy
D:9:      layout_loops_ring, nicolae_qazlal_scattered_showers, serial_rivers,
          chequers_serial_rivers_small_a, chequers_serial_rivers_room_a,
          chequers_serial_rivers_small_b, chequers_serial_rivers_small_3,
          chequers_serial_rivers_large_a, chequers_serial_rivers_small_a
D:10:     layout_loops_ring, kennysheep_mini,
          chequers_temple_overflow_statue_of_worship, kennysheep_doodads,
          uniq_snorg
D:11:     minmay_cornered_nines, layout_basic, erik_orc_1,
          hangedman_abyss_or_decor_stagger, uniq_grum, uniq_amaemon,
          uniq_gastronok
D:12:     layout_rooms, enter_trove_3, nicolae_elyvilon_peaceful_grove
Temple:   nicolae_temple_god_jail

Skill      XL: |  1  2  3  4  5  6  7  8  9 10 11 |
---------------+----------------------------------+-----
Spellcasting   | 5 7 8 10 12 14 16 | 16.5
Fighting       | 1 2 3 4 5 |  5.6
Conjurations   | 2 3 4 5 7 8 9 |  9.8
Armour         | 1 2 3 4 |  4.0
Dodging        | 3 |  3.0
Stealth        | 4 |  4.2
Air Magic      | 2 |  2.3
Evocations     | 1 |  1.0
Poison Magic   | 1 |  1.0
Summonings     | 2 4 |  4.0
Fire Magic     | 3 5 7 |  7.7
Translocations | |  1.1

Action                     |  1- 3 |  4- 6 |  7- 9 | 10-12 || total
---------------------------+-------+-------+-------+-------++-------
  Melee: Short sword       |    20 |       |       |       ||    20
         Dagger            |       |    11 |    70 |    68 ||   149
         Punch             |       |       |     2 |       ||     2
         Spear             |       |       |    41 |       ||    41
  Throw: Throwing net      |       |       |       |     1 ||     1
   Cast: Magic Dart        |    94 |   122 |   283 |    13 ||   512
         Mephitic Cloud    |     1 |     2 |    26 |    37 ||    66
         Call Imp          |       |     5 |     7 |     6 ||    18
         Blink             |       |     3 |     3 |     3 ||     9
         Flame Wave        |       |       |     1 |    45 ||    46
  Evoke: Wand              |       |     1 |       |     6 ||     7
    Use: Scroll            |       |       |       |    16 ||    16
   Stab: Confused          |     1 |     1 |    17 |     8 ||    27
         Sleeping          |     1 |       |     1 |     1 ||     3
         Held in net/web   |       |       |       |     1 ||     1
 Armour: Robe              |    10 |    57 |    50 |    33 ||   150
  Dodge: Dodged            |    20 |    79 |    87 |    71 ||   257

Table legend: (Time is in decaauts)
 A = Elapsed time spent in this place.
 B = Non-inter-level travel time spent in this place.
 C = Inter-level travel time spent in this place.
 D = Time resting spent in this place.
 E = Time spent auto-exploring this place.
 F = Levels seen in this place.
 G = Mean time per level.
                   A        B        C        D        E       F      G
               +--------+--------+--------+--------+--------+-----+--------+
         Total |  14699 |  14128 |    571 |    761 |  10948 |  15 |  979.9 |
       Dungeon |  12997 |  12438 |    559 |    537 |   9923 |  12 | 1083.1 |
        Temple |     68 |     57 |     11 |      0 |      1 |   1 |   68.0 |
         Sewer |    952 |    952 |      0 |      0 |    759 |   1 |  952.0 |
        Bailey |    681 |    681 |      0 |    224 |    264 |   1 |  681.0 |
               +--------+--------+--------+--------+--------+-----+--------+

Top non-repeatable levels by time:
     D:3: 1638 daAuts
     D:1: 1465 daAuts
     D:6: 1364 daAuts
     D:9: 1278 daAuts
     D:2: 1150 daAuts
     D:8: 1137 daAuts
    D:11: 1126 daAuts
    D:10: 1065 daAuts
     D:4: 1037 daAuts
   Sewer: 952 daAuts
     D:7: 951 daAuts
     D:5: 714 daAuts
  Bailey: 681 daAuts
    D:12: 68 daAuts
  Temple: 68 daAuts
